 Dungeon Crawl Stone Soup version 0.18-a0-1702-gd20c6a5 (webtiles) character file.

1392 Ijustatesigmund the Covert (level 8, 0/54 HPs)
             Began as an Octopode Assassin on Apr 7, 2016.
             Was an Initiate of Dithmenos.
             Slain by an orc wizard
             ... wielding a +0 dagger
              (4 damage)
             ... on level 6 of the Dungeon.
             The game lasted 00:21:35 (7165 turns).

Ijustatesigmund the Covert (Octopode Assassin)      Turns: 7165, Time: 00:21:35

Health: 0/54       AC:  1    Str: 11    XL:     8   Next: 68%
Magic:  9/9        EV: 12    Int: 13    God:    Dithmenos [......]
Gold:   329        SH:  0    Dex: 15    Spells: 0 memorised, 7 levels left

rFire  . . .     SeeInvis .     a - +2 dagger
rCold  . . .     Gourm    .     (no shield)
rNeg   + . .     Faith    .     (helmet restricted)
rPois  .         Spirit   .     (no amulet)
rElec  .         Dismiss  .     g - ring of wizardry
rCorr  .         Reflect  .     i - ring of positive energy
SustAt .         Harm     .     (no ring)
MR     .....                    (no ring)
Stlth  ++++++....               (no ring)
                                (no ring)
                                (no ring)
                                (no ring)

@: not resistant to hostile enchantments, very stealthy
A: almost no armour, amphibious, 8 rings, constrict 8, camouflage 1, gelatinous
body 1
a: Renounce Religion


You were on level 6 of the Dungeon.
You worshipped Dithmenos.
Dithmenos was noncommittal.
You were not hungry.

You visited 2 branches of the dungeon, and saw 7 of its levels.

You collected 329 gold pieces.

Inventory:

Hand Weapons
 a - a +2 dagger (weapon)
 b - a +0 blowgun
 o - a +1 short sword of draining
Missiles
 c - 43 poisoned needles
 j - 5 curare-tipped needles
 l - 7 javelins (quivered)
 x - 2 throwing nets
Jewellery
 g - a ring of wizardry (left tentacle)
 i - a ring of positive energy (right tentacle)
Scrolls
 k - a scroll of recharging
 n - a scroll of blinking
 s - a scroll of magic mapping {unknown}
 t - a scroll of fog {unknown}
 u - a scroll of amnesia
Potions
 h - a potion of magic
 q - 2 potions of mutation
 r - a potion of brilliance
Comestibles
 d - a slice of pizza
 f - 2 bread rations
 p - a meat ration
 v - a beef jerky
 z - 3 fruits


   Skills:
 - Level 4.1 Fighting
 + Level 6.8 Short Blades
 + Level 4.2 Throwing
 - Level 1.0 Dodging
 + Level 9.3 Stealth
 + Level 2.5 Invocations


You had 7 spell levels left.
You didn't know any spells.

Dungeon Overview and Level Annotations

Branches:
Dungeon (6/15)             Temple (1/1) D:5

Altars:
Cheibriados
Dithmenos
Elyvilon
Fedhas
Gozag
Kikubaaqudgha
Makhleb
Nemelex Xobeh
Pakellas
Qazlal
Ru
Sif Muna
Trog
Vehumet
Xom
Yredelemnul
Zin


Innate Abilities, Weirdness & Mutations

You cannot wear most types of armour.
You are amphibious.
You can wear up to eight rings at the same time.
You can use your tentacles to constrict eight enemies at once.
Your skin changes colour to match your surroundings (Stealth).
Your rubbery body absorbs attacks (AC +1).


Message History

A puff of frost appears from out of thin air!
The puff of frost hits you!
* * * LOW HITPOINT WARNING * * *
The orc wizard hits you but does no damage.
You hit the orc wizard but do no damage.
The orc wizard is severely wounded.
You constrict the orc wizard.
You hear some strange, mumbled words.
A magic dart appears from out of thin air!
The magic dart hits you!
* * * LOW HITPOINT WARNING * * *
The orc wizard gestures wildly while chanting.
The orc wizard struggles to blink free from constriction.
You hit something. You constrict the orc wizard. Something hits you.
* * * LOW HITPOINT WARNING * * *
You hit something but do no damage. You constrict the orc wizard.
You kill the orc wizard!
Dithmenos accepts your kill. Something hits you.
You die...

##### #.....# #.#
#...###########.....#####.#######
..........)...))....'............
.......########.....#####.#######
.......# #.....# #..)...#
.......# #.....# ######.#
.......# #.....+ ..##.## .......#
#.)...# #.#....
.......#########@#### #.#..##
..............##)##########.#....
...............................>.
#....##. .##..#.######.###.#..##
#.!..# ##.#.# #.# #.##.# #....#
#...# #.# #.##.# #....# ##..#
#.###.##.# #....# #..# #.....##.#
#....# #+######.## #.....##.#


There were no monsters in sight!

Vanquished Creatures
  Edmund (D:5)
  An orc warrior (D:6)
  A phantom (D:4)
  An ogre (D:4)
  A giant frog (D:6)
  A gnoll sergeant (D:6)
  A wyvern skeleton (D:6)
  A water moccasin skeleton (D:4)
  2 howler monkeys (D:4)
  A crimson imp (D:4)
  A hound (D:5)
  An orc priest (D:5)
  A centaur skeleton (D:5)
  6 orc wizards
  A giant frog skeleton (D:5)
  An iguana (D:6)
  6 worker ants
  3 gnolls (D:6)
  7 adders
  4 oozes
  2 adder skeletons (D:4)
  A worm (D:4)
  4 dart slugs
  2 giant geckos
  7 orcs
  A ball python (D:3)
  7 bats
  3 giant cockroaches
  5 goblins
  7 hobgoblins
  16 jackals
  11 kobolds
  3 quokkas
  4 giant newts
  A quokka skeleton (D:4)
  10 rats
126 creatures vanquished.

Notes
Turn   | Place    | Note
--------------------------------------------------------------
     0 | D:1      | Ijustatesigmund the Octopode Assassin began the quest for the Orb.
     0 | D:1      | Reached XP level 1. HP: 14/14 MP: 1/1
   409 | D:1      | Reached XP level 2. HP: 20/20 MP: 2/2
   959 | D:1      | Reached XP level 3. HP: 10/25 MP: 3/3
  1772 | D:2      | Reached XP level 4. HP: 31/31 MP: 4/4
  2615 | D:2      | Found a blossoming altar of Fedhas.
  2734 | D:2      | Reached XP level 5. HP: 33/36 MP: 5/5
  3681 | D:3      | Found a sparkling altar of Nemelex Xobeh.
  4036 | D:4      | Reached skill level 6 in Stealth
  4036 | D:4      | Reached XP level 6. HP: 43/43 MP: 6/6
  4394 | D:4      | Found a basalt altar of Yredelemnul.
  4415 | D:4      | Found an ancient bone altar of Kikubaaqudgha.
  4613 | D:4      | Reached skill level 5 in Short Blades
  4733 | D:4      | Noticed a phantom
  4742 | D:4      | Killed a phantom
  4742 | D:4      | Reached skill level 7 in Stealth
  4742 | D:4      | Reached XP level 7. HP: 48/48 MP: 7/7
  5338 | D:4      | Reached skill level 8 in Stealth
  5408 | D:5      | Entered Level 5 of the Dungeon
  5875 | D:5      | Noticed Edmund
  5895 | D:5      | Killed Edmund
  5895 | D:5      | Reached XP level 8. HP: 29/54 MP: 8/8
  6212 | D:5      | Found a staircase to the Ecumenical Temple.
  6224 | Temple   | Entered the Ecumenical Temple
  6362 | Temple   | Became a worshipper of Dithmenos the Shadowed
  6470 | D:6      | Found a stormy altar of Qazlal.
  6580 | D:6      | Reached skill level 1 in Invocations
  6782 | D:6      | Found an ancient bone altar of Kikubaaqudgha.
  6845 | D:6      | Reached skill level 9 in Stealth
  7165 | D:6      | Slain by an orc wizard

Vault maps used:
D:1:      nicolae_arrival_somewhat_less_tricky_arrival
D:2:      fedhas_altar_fruit_tree
D:3:      nicolae_overflow_crystal_walls
D:4:      overflow_temple_1_default, lemuel_crystal_altar, first_bread
D:5:      minmay_temple_entry_junction, uniq_edmund
D:6:      kennysheep_mini_moat, nrook_uturn, tgw_kikubaaqudgha
Temple:   eino_temple_water_12

Skill      XL: |  1  2  3  4  5  6  7  8 |
---------------+-------------------------+-----
Short Blades   | 3 4 5 6 |  6.8
Fighting       | 3 4 |  4.1
Stealth        | 6 7 8 9 |  9.3
Throwing       | 3 4 |  4.2
Invocations    | 2 |  2.5
Dodging        | |  1.0

Action                   |  1- 3 |  4- 6 |  7- 9 || total
-------------------------+-------+-------+-------++-------
Melee: Dagger            |    73 |   121 |   130 ||   324
 Fire: Blowgun           |       |       |    18 ||    18
Throw: Javelin           |       |     1 |     1 ||     2
  Use: Scroll            |       |    12 |     2 ||    14
       Potion            |       |     5 |     3 ||     8
 Stab: Sleeping          |     9 |    23 |     4 ||    36
       Distracted        |       |     1 |     2 ||     3
  Eat: Chunk             |     2 |     7 |     5 ||    14
       Fruit             |       |     3 |     4 ||     7
